 Dungeon Crawl Stone Soup version 0.20.1-1-g8b1a95d (console) character file.

3846 hilaritas the Cleaver (level 10, -8/91 HPs)
             Began as a Hill Orc Fighter on July 30, 2017.
             Was a Believer of Makhleb.
             Mangled by a death yak (9 damage)
             ... on level 8 of the Dungeon.
             The game lasted 00:16:30 (6961 turns).

hilaritas the Cleaver (Hill Orc Fighter)            Turns: 6961, Time: 00:16:31

Health: -8/91      AC: 18    Str: 28    XL:     10   Next: 18%
Magic:  15/15      EV:  7    Int:  8    God:    Makhleb [**....]
Gold:   431        SH: 12    Dex: 10    Spells: 9/9 levels left

rFire    . . .     SeeInvis .   a - +1 war axe
rCold    . . .     Gourm    .   c - +1 shield
rNeg     . . .     Faith    .   k - +0 chain mail
rPois    +         Spirit   .   l - +2 hat
rElec    .         Reflect  .   s - +0 cloak
rCorr    .         Harm     .   x - +0 pair of gloves
MR       .....                  o - +2 pair of boots
Stlth    ..........             (no amulet)
Regen    0.3/turn               J - ring of poison resistance
MPRegen  0.2/turn               (no ring)

@: mighty, about to teleport
A: no striking features
a: Minor Destruction, Renounce Religion


You were on level 8 of the Dungeon.
You worshipped Makhleb.
Makhleb was pleased with you.
You were not hungry.

You visited 1 branch of the dungeon, and saw 8 of its levels.

You collected 431 gold pieces.

Inventory:

Hand Weapons
 a - a +1 war axe (weapon)
 y - a +0 war axe
 D - a +0 whip
Armour
 c - a +1 shield (worn)
 k - a +0 chain mail (worn)
 l - a +2 hat (worn)
 o - a +2 pair of boots (worn)
 s - a +0 cloak (worn)
 x - a +0 pair of gloves (worn)
Jewellery
 p - an uncursed ring of flight
 v - an uncursed ring of wizardry
 J - a ring of poison resistance (left hand)
 M - an uncursed ring of resist corrosion
Wands
 C - a wand of digging (7/24)
 E - a wand of confusion (21/48)
 L - a wand of lightning (13/15)
Scrolls
 g - 5 scrolls of remove curse
 h - 5 scrolls of identify
 n - a scroll of enchant weapon
 u - 3 scrolls of enchant armour
 G - 6 scrolls of teleportation
 I - 3 scrolls of fear
Potions
 e - a potion of heal wounds
 i - 2 potions of brilliance {unknown}
 j - 2 potions of mutation {unknown}
 m - a potion of magic {unknown}
 t - a potion of resistance {unknown}
 w - a potion of agility {unknown}
 A - 2 potions of degeneration {unknown}
 F - 2 potions of lignification {unknown}
 H - 2 potions of haste {unknown}
 K - 2 potions of flight {unknown}
Books
 q - a book of Ice

   Spells                             Type                      Level
   a - Ice Form                       Ice/Transmutation            4
   b - Metabolic Englaciation         Hexes/Ice                    5
   c - Ozocubu's Refrigeration        Ice                          6
   d - Bolt of Cold                   Conjuration/Ice              6
   e - Freezing Cloud                 Conjuration/Ice/Air          6
   f - Simulacrum                     Ice/Necromancy               6
Comestibles
 b - 8 meat rations
 f - 5 bread rations
 r - a chunk of flesh
 z - 4 fruits
 B - 2 royal jellies


   Skills:
 * Level 9.1 Fighting
 - Level 11.0 Axes
 + Level 6.6 Armour
 + Level 6.9 Shields
 * Level 7.0 Invocations


You had 9 spell levels left.
You didn't know any spells.

Dungeon Overview and Level Annotations

Branches:
Dungeon (8/15)             Temple (0/1) D:6            Lair (0/6) D:8

Altars:
Dithmenos
Gozag
Makhleb
Okawaru
Qazlal
Vehumet

Shops:
D:7 *


Message History

The death yak gores you!!
You slice the death yak!!
The death yak is almost dead.
You barely miss the death yak. The death yak gores you.
* * * LOW HITPOINT WARNING * * *
The death yak gores you.
* * * LOW HITPOINT WARNING * * *
Unknown command.
As you read the scroll of teleportation, it crumbles to dust.
You feel strangely unstable.
The death yak gores you but does no damage.
The death yak gores you.
* * * LOW HITPOINT WARNING * * *
Unknown command.
You slash the death yak!
The death yak is almost dead.
You hit the death yak but do no damage. The death yak gores you!!
* * * LOW HITPOINT WARNING * * *
The death yak gores you!
You die...

.> #.# # .. #.#
.# ###. #.###.#
.y... ......#####
zY..z.##.%.......
...zz.z.>.)...#.#
......##.####...#
.#a##
#z#####.####
#YzyY@Yr...#
#.#####.##.#
#.#####.## ?#
#........# .#
########.# .# #.#
.. #.#####.#.
########.........
.........#####...


You could see 3 death yaks, a hornet, a hell rat and 2 wights.

Vanquished Creatures
  The ghost of P1skanaft the Fighter, a novice MiFi (D:6)
  Sigmund (D:3)
  A hungry ghost (D:6)
  Menkaure (D:6)
  Duvessa (D:5)
  A sky beast (D:6)
  2 ice beasts (D:7)
  5 ogres
  2 phantoms
  4 centaurs
  A crocodile (D:7)
  6 bullfrogs
  Dowan (D:5)
  2 wights (D:8)
  A howler monkey (D:5)
  3 jellies
  A crimson imp (D:5)
  A bullfrog zombie (D:6)
  A quasit (D:6)
  5 hounds
  Crazy Yiuf (D:5)
  2 orc priests
  2 orc wizards
  3 iguanas
  Ijyb (D:5)
  4 worker ants
  A mummy (D:6)
  2 worker ant zombies (D:5)
  3 gnolls (D:2)
  11 adders
  4 river rats (D:5)
  2 shadow imps
  An adder skeleton (D:4)
  5 worms
  2 dart slugs
  3 leopard geckos
  12 orcs
  7 giant cockroaches
  3 goblins
  8 hobgoblins
  10 jackals
  3 quokkas
  4 ball pythons
  4 bats
  2 frilled lizards
  3 hobgoblin zombies (D:6)
  2 jackal skeletons (D:5)
  7 kobolds
  A leopard gecko skeleton (D:5)
  An orc zombie (D:6)
  A quokka skeleton (D:6)
  A quokka zombie (D:6)
  8 rats
165 creatures vanquished.

Notes
Turn   | Place    | Note
-------+----------+-------------------------------------------
     0 | D:1      | hilaritas the Hill Orc Fighter began the quest for the Orb.
     0 | D:1      | Reached XP level 1. HP: 19/19 MP: 1/1
    36 | D:1      | Reached skill level 3 in Axes
   266 | D:1      | Reached XP level 2. HP: 23/26 MP: 2/2
   388 | D:1      | Reached skill level 4 in Axes
   673 | D:1      | Reached XP level 3. HP: 27/31 MP: 3/3
   782 | D:2      | Reached skill level 5 in Axes
   982 | D:2      | Reached XP level 4. HP: 38/39 MP: 4/4
  1326 | D:2      | Found a burning altar of Makhleb.
  1334 | D:2      | Became a worshipper of Makhleb the Destroyer
  1572 | D:3      | Noticed Sigmund
  1610 | D:3      | Killed Sigmund
  1610 | D:3      | Reached skill level 7 in Axes
  1610 | D:3      | Reached XP level 5. HP: 29/45 MP: 4/6
  1610 | D:3      | Reached XP level 6. HP: 32/51 MP: 4/7
  1954 | D:3      | Reached skill level 8 in Axes
  2419 | D:3      | Found a radiant altar of Vehumet.
  3180 | D:4      | Reached skill level 9 in Axes
  3243 | D:4      | Reached XP level 7. HP: 57/57 MP: 9/9
  3299 | D:4      | Reached * piety under Makhleb
  3337 | D:4      | Found a shadowy altar of Dithmenos.
  3554 | D:5      | Entered Level 5 of the Dungeon
  3633 | D:5      | Reached skill level 10 in Axes
  3728 | D:5      | Noticed Dowan
  3729 | D:5      | Noticed Duvessa
  3740 | D:5      | Killed Duvessa
  3743 | D:5      | Killed Dowan
  3758 | D:5      | Noticed Ijyb
  3786 | D:5      | Killed Ijyb
  3802 | D:5      | Found a stormy altar of Qazlal.
  3803 | D:5      | Found an iron altar of Okawaru.
  3911 | D:5      | Reached skill level 11 in Axes
  3911 | D:5      | Reached XP level 8. HP: 64/64 MP: 10/10
  4189 | D:5      | Found a glowing drain.
  4545 | D:5      | Found a runed door.
  4710 | D:5      | Noticed Crazy Yiuf
  4715 | D:5      | Killed Crazy Yiuf
  4715 | D:5      | Reached skill level 5 in Fighting
  4802 | D:6      | Found a staircase to the Ecumenical Temple.
  5090 | D:6      | Noticed P1skanaft's ghost (novice MiFi)
  5102 | D:6      | Reached skill level 5 in Invocations
  5109 | D:6      | Killed P1skanaft's ghost
  5109 | D:6      | Reached ** piety under Makhleb
  5109 | D:6      | Reached skill level 5 in Armour
  5109 | D:6      | Reached skill level 5 in Shields
  5109 | D:6      | Reached XP level 9. HP: 42/79 MP: 11/13
  5417 | D:6      | Noticed Menkaure
  5427 | D:6      | Killed Menkaure
  6202 | D:7      | Reached XP level 10. HP: 90/90 MP: 15/15
  6402 | D:7      | Found Gozag's Platinum Reserve.
  6403 | D:7      | Found an opulent altar of Gozag.
  6930 | D:8      | Found a staircase to the Lair.
  6930 | D:8      | Noticed a death yak
  6931 | D:8      | Noticed a death yak
  6953 | D:8      | Noticed a death yak
  6961 | D:8      | HP: 1/91 [death yak (20)]
  6961 | D:8      | Mangled by a death yak

Skill      XL: |  1  2  3  4  5  6  7  8  9 10 |
---------------+-------------------------------+-----
Axes           | 3 4 5 7 9 11 | 11.0
Invocations    | 2 3 5 6 7 |  7.0
Fighting       | 7 8 9 |  9.1
Shields        | 5 6 |  6.9
Armour         | 5 6 |  6.6

Action                   |  1- 3 |  4- 6 |  7- 9 | 10-12 || total
-------------------------+-------+-------+-------+-------++-------
Melee: War axe           |    81 |   168 |   365 |    62 ||   676
Throw: Throwing net      |       |       |     2 |       ||     2
Invok: Minor Destruction |       |       |       |     2 ||     2
  Use: Scroll            |       |     7 |     4 |     1 ||    12
       Potion            |       |       |     4 |     2 ||     6
 Stab: Held in net/web   |       |       |     1 |       ||     1
  Eat: Chunk             |       |     8 |    11 |     3 ||    22
       Fruit             |       |       |     2 |       ||     2
Armor: Scale mail        |     8 |       |       |       ||     8
       Chain mail        |    44 |    86 |   186 |    26 ||   342
Dodge: Dodged            |    24 |    21 |    68 |    10 ||   123
Block: Shield            |    48 |    62 |   178 |    36 ||   324
